AoeStats
← KaLong

Arena

507671324Analyzed
4v4 RM · 14d ago on Sep 19, 2026· 40m 34s· 8 players
Game mode
Random Map
Map size
Large (8 player)
Population
200
Speed
Normal
Resources
Standard
Victory
Conquest
Starting age
Dark Age
Ending age
Imperial Age
RankedLock teamsTeams togetherTeam positionsShared explorationLock speedFull tech treeHidden civsTurbo modeCheats
Victory
Defeat
🇺🇸 Romans · United States
1514
+14
🇱🇻 Mongols · Latvia
1490
+15
🇺🇸 Goths · United States
1443
+16
🇹🇼 Saracens · Taiwan
1433
+16
🇨🇳 Burmese · China
1478
-16
🇨🇳 Japanese · China
1466
-16
🇨🇳 Burgundians · China
1455
-15
🇨🇳 Chinese · China
1432
-14
比奇堡_Gary
3:15 Double-Bit Axe
6:31 Horse Collar
11:55 Feudal Age
13:08 Bow Saw
15:44 Castle Age
15:33 Heavy Plow
22:34 Wheelbarrow
22:25 Gold Mining
22:26 Stone Mining
23:51 Loom
26:55 Hand Cart
29:39 Imperial Age
27:52 Gold Shaft Mining
27:37 Scale Barding Armor
27:48 Husbandry
28:21 Heavy Plow
28:53 Chain Barding Armor
27:54 Cavalier
29:01 Forging
31:02 Iron Casting
29:53 Paladin
31:09 Plate Barding Armor
32:10 Chemistry
31:33 Conscription
31:34 Town Watch
33:04 Blast Furnace
33:07 Coinage
32:36 Fletching
32:46 Padded Archer Armor
33:22 Ballistics
33:21 Bodkin Arrow
32:57 Elite Skirmisher
34:19 Leather Archer Armor
34:26 Bracer
安心
10:40 Feudal Age
11:31 Double-Bit Axe
14:21 Castle Age
12:21 Double-Bit Axe
12:37 Horse Collar
20:34 Wheelbarrow
20:17 Bow Saw
24:54 Gold Mining
24:55 Stone Mining
26:07 Heavy Plow
26:50 Gold Shaft Mining
27:18 Scale Mail Armor
27:29 Forging
30:46 Imperial Age
28:23 Squires
28:08 Gambesons
28:09 Arson
28:47 Yasama
29:40 Ballistics
29:30 Masonry
29:01 Treadmill Crane
29:33 Masonry
29:20 Murder Holes
29:15 Guard Tower
29:39 Bloodlines
29:30 Husbandry
29:51 Chain Mail Armor
30:12 Iron Casting
30:32 Hand Cart
29:49 Light Cavalry
30:40 Light Cavalry
32:10 Plate Mail Armor
32:49 Chemistry
31:39 Arrowslits
31:53 Loom
32:46 Conscription
34:08 Blast Furnace
32:36 Elite Samurai
33:40 Kataparuto
35:03 Two-Man Saw
34:16 Fletching
35:36 Bodkin Arrow
35:24 Pikeman
37:09 Halberdier
37:52 Bracer
祈求好运
10:22 Feudal Age
11:38 Loom
15:06 Castle Age
16:57 Scale Barding Armor
20:14 Padded Archer Armor
23:05 Fletching
25:22 Horse Collar
27:47 Heavy Plow
29:39 Stone Mining
30:57 Bodkin Arrow
31:50 Crossbowman
33:38 Wheelbarrow
33:03 Gold Mining
37:17 Imperial Age
34:49 Elite Skirmisher
120057903
0:31 Loom
11:12 Feudal Age
15:15 Castle Age
13:59 Double-Bit Axe
13:55 Horse Collar
14:45 Gold Mining
17:01 Bow Saw
20:53 Stone Mining
22:31 Wheelbarrow
24:58 Hand Cart
25:59 Heavy Plow
29:05 Imperial Age
26:29 Fletching
26:57 Padded Archer Armor
27:32 Bodkin Arrow
27:50 Town Watch
28:21 Leather Archer Armor
28:17 Thumb Ring
28:53 Great Wall
29:42 Scale Mail Armor
29:53 Forging
31:53 Elite Chu Ko Nu
32:53 Conscription
33:28 Bracer
33:59 Ring Archer Armor
34:25 Chain Mail Armor
34:50 Gold Shaft Mining
34:51 Stone Shaft Mining
34:53 Iron Casting
35:39 Ballistics
36:19 Chemistry
37:09 Plate Mail Armor
37:06 Caravan
37:37 Coinage
39:09 Blast Furnace
37:37 Man-at-Arms
38:04 Arson
38:19 Squires
偷偷
10:53 Feudal Age
14:35 Castle Age
12:45 Double-Bit Axe
12:44 Horse Collar
15:33 Bow Saw
21:09 Heavy Plow
23:43 Wheelbarrow
23:05 Gold Mining
27:34 Imperial Age
25:52 Gold Shaft Mining
26:08 Scale Barding Armor
27:10 Forging
27:21 Chain Barding Armor
27:55 Bloodlines
27:56 Husbandry
28:36 Stone Mining
29:22 Elite Mameluke
30:39 Plate Barding Armor
31:04 Conscription
30:54 Siege Engineers
32:23 Heavy Camel Rider
34:24 Iron Casting
34:21 Treadmill Crane
36:38 Two-Man Saw
38:24 Masonry
41:32 Chemistry
40:53 Ballistics
BomBomB0
10:00 Feudal Age
14:04 Castle Age
12:02 Double-Bit Axe
12:30 Horse Collar
15:22 Bow Saw
15:13 Heavy Plow
20:43 Wheelbarrow
20:24 Loom
22:02 Town Watch
24:25 Hand Cart
27:10 Ballistics
29:55 Imperial Age
28:55 Masonry
29:15 Gold Mining
29:15 Stone Mining
31:20 Gold Shaft Mining
31:17 Crop Rotation
30:11 Heavy Scorpion
32:43 Scale Mail Armor
32:53 Forging
32:54 Fletching
33:35 Conscription
33:24 Ballistas
32:58 Pikeman
33:39 Squires
33:57 Chain Mail Armor
35:54 Capped Ram
38:54 Chemistry
37:50 Murder Holes
38:05 Siege Engineers
39:01 Chemistry
39:51 Siege Ram
KaLong
11:07 Feudal Age
14:57 Castle Age
13:59 Horse Collar
14:06 Double-Bit Axe
15:58 Bow Saw
15:35 Loom
19:36 Wheelbarrow
21:20 Hand Cart
21:16 Gold Mining
21:16 Stone Mining
22:04 Stone Mining
28:22 Imperial Age
26:25 Heavy Plow
26:39 Scale Mail Armor
26:49 Forging
27:50 Chain Mail Armor
27:56 Anarchy
28:40 Squires
29:20 Iron Casting
29:24 Conscription
29:56 Conscription
31:39 Blast Furnace
30:36 Fletching
30:09 Elite Huskarl
32:46 Chemistry
32:03 Pikeman
32:48 Halberdier
33:36 Fletching
Zuvubii
9:55 Feudal Age
13:39 Castle Age
12:20 Double-Bit Axe
12:33 Horse Collar
15:20 Bow Saw
19:59 Wheelbarrow
20:46 Stone Mining
21:00 Heavy Plow
22:14 Loom
22:57 Gold Mining
23:46 Hand Cart
28:26 Imperial Age
26:48 Fletching
26:59 Padded Archer Armor
28:56 Bodkin Arrow
29:16 Leather Archer Armor
30:07 Chemistry
29:35 Town Watch
29:19 Elite Mangudai
30:31 Bracer
31:28 Gold Shaft Mining
31:20 Ballistics
31:29 Thumb Ring
31:56 Parthian Tactics
32:18 Conscription
35:23 Caravan
36:18 Nomads
36:57 Coinage
40:17 Banking
Connection lost

Rejoining the realm…

Still unreachable

The connection could not be restored.

Session expired

The server has moved on; the page needs a fresh start.